 Dungeon Crawl Stone Soup version 0.31.0 (webtiles) character file.

Game seed: 59777958682341158

506 PixelatedCat the Ruffian (level 6, -6/46 HPs)
             Began as a Demigod Shapeshifter on Jan 20, 2024.
             Mangled by an iguana (9 damage)
             ... on level 5 of the Dungeon.
             The game lasted 00:06:49 (3374 turns).

PixelatedCat the Ruffian (Demigod Shapeshifter)     Turns: 3374, Time: 00:06:50

Health: -6/46      AC: 13    Str: 23    XL:     6   Next: 64%
Magic:  8/8        EV:  5    Int: 12    God:
Gold:   141        SH:  9    Dex: 13    Spells: 5/5 levels left

rFire   . .          .
                       - Unarmed
rCold   . . .        x - +2 kite shield {AC+3}
rNeg    . . .        B - +0 plate armour
rPois   .            (helmet currently unavailable)
rElec   .            (cloak currently unavailable)
rCorr   .            (gloves currently unavailable)
SInv    .            (boots currently unavailable)
Will    .....        (no amulet) Stlth
                     (no ring)
HPRegen 0.27/turn    (no ring)
MPRegen 0.11/turn

%: no passive effects
@: beast-form, attractive
A: beast (slay +2), high MP 1, forlorn, divine attributes
a: Begin Untransformation


You were on level 5 of the Dungeon.
You were a hulking beast.
You visited 2 branches of the dungeon, and saw 6 of its levels.
You also visited: Sewer.

You collected 141 gold pieces.

Inventory:

Missiles
 j - 5 poisoned darts (quivered)
 k - a throwing net
 r - 3 boomerangs
Armour
 a - a +0 animal skin
 l - a +0 ring mail
 s - a +2 robe of willpower
 t - a +0 cloak
 x - a +2 kite shield of protection (worn)
 y - a +0 helmet
 B - a +0 plate armour (worn)
Talismans
 c - a beast talisman
 d - a flux talisman
 e - a storm talisman
Wands
 A - a wand of acid (22)
Scrolls
 f - a scroll of revelation {unknown}
 g - 5 scrolls of poison
 h - 2 scrolls of identify {unknown}
 i - a scroll of blinking {unknown}
 m - 3 scrolls of enchant weapon {unknown}
 n - 3 scrolls of amnesia
 q - a scroll of teleportation
 u - a scroll of butterflies {unknown}
 v - a scroll of vulnerability {unknown}
 w - a scroll of immolation {unknown}
Potions
 b - a potion of attraction
 p - a potion of might {unknown}
 z - a potion of enlightenment {unknown}


   Skills:
 - Level 0.8 Fighting
 - Level 1.7 Dodging
 + Level 5.4 Unarmed Combat
 + Level 5.1 Shapeshifting


You had 5 spell levels left.
You didn't know any spells.
Your spell library contained the following spells:

 Spells                   Type           Power      Damage    Failure   Level
 Blink                    Tloc           0%         N/A       100%        2
 Lesser Beckoning         Tloc           0%         N/A       100%        2
 Mercury Vapours          Alch/Air       0%         N/A       100%        2
 Momentum Strike          Conj/Tloc      0%         3d8       100%        2
 Static Discharge         Conj/Air       0%         3-3/arc   100%        2
 Mephitic Cloud           Conj/Alch/Air  0%         N/A       100%        3
 Airstrike                Air            0%         2d(0-16)  100%        4
 Summon Lightning Spire   Summ/Air       0%         N/A       100%        4
 Freezing Cloud           Conj/Ice/Air   0%         6-21      100%        5


Dungeon Overview and Level Annotations

Branches:
Dungeon (5/15)             Temple (1/1) D:5           Sewer (visited)


Innate Abilities, Weirdness & Mutations

You are a hulking beast.
Your limbs bulge with bestial killing power. (Slay +2)
You have an increased reservoir of magic. (+10% MP)
You shall have no god before yourself.
Your divine heritage dramatically boosts your attributes as you level up.


Message History

The orc hits you but does no damage.
You closely miss the orc.
The orc is severely wounded.
You block the orc's attack.
You closely miss the orc.
The orc is severely wounded.
The orc hits you but does no damage.
You hit the orc.
You kill the orc!
There is a large open door here.
Things that are here:
a +0 war axe; a +0 ring mail Unknown command.
You start resting.
A hound comes into view.
Things that are here:
a +0 war axe; a +0 chain mail; a +0 mace You see here a +0 club.
A yak and a killer bee come into view.
The yak bellows!
The killer bee buzzes angrily.
The killer bee stings you but does no damage. x2
You barely miss the killer bee.
The killer bee stings you but does no damage.
You block the killer bee's attack.
You closely miss the killer bee. You block the killer bee's attack. x2
The yak gores you!
You miss the killer bee.
The killer bee stings you but does no damage. x2
You block the yak's attack.
Okay, then.
Unknown command.
The air fills with toxic fumes!
As you read the scroll labelled YSI JUEROIPRIH, it crumbles to dust.
It was a scroll of poison.
You block the killer bee's attack.
The killer bee stings you but does no damage.
The yak gores you but does no damage.
Unknown command.
Okay, then.
Unknown command.
As you read the scroll labelled UZXOODENEUR, it crumbles to dust.
It is a scroll of amnesia.
You feel forgetful for a moment. The killer bee stings you.
The killer bee stings you but does no damage.
You block the yak's attack.
As you read the scroll labelled WEOZXECIOSS, it crumbles to dust.
You feel strangely unstable.
It was a scroll of teleportation.
The killer bee stings you but does no damage.
You block the killer bee's attack. The yak gores you.
Unknown command.
Unknown command.
Unknown command.
You punch the killer bee!
The killer bee is heavily wounded.
You block the killer bee's attack. x2; The yak barely misses you.
You punch the killer bee!
You kill the killer bee!
The yak gores you.
* * * LOW HITPOINT WARNING * * *
The yak gores you but does no damage.
You see here a killer bee corpse.
You completely miss the yak.
Your surroundings suddenly seem different.
An orc comes into view. It is wielding a +0 whip.
Found a book of Storms.
Found a staircase to the Ecumenical Temple.
The orc shouts!
Found a cloak.
The orc hits you with a +0 whip.
* * * LOW HITPOINT WARNING * * *
There is a staircase to the Ecumenical Temple, spattered with blood here.
The orc hits you but does no damage.
You climb downwards.
Welcome to the Ecumenical Temple!
Found a glowing silver altar of Zin and a stormy altar of Qazlal.
Found a staircase back to the Dungeon.
There is a staircase back to the Dungeon here.
You closely miss the orc. You block the orc's attack.
You hit the orc but do no damage. The orc hits you with a +0 whip.
* * * LOW HITPOINT WARNING * * *
You hit the orc.
The orc is lightly wounded.
The orc barely misses you.
You hit the orc but do no damage.
The orc is lightly wounded.
The orc hits you with a +0 whip.
* * * LOW HITPOINT WARNING * * *
You hit the orc but do no damage.
The orc is lightly wounded.
You block the orc's attack.
You hit the orc.
The orc is heavily wounded.
You block the orc's attack.
You closely miss the orc.
The orc is heavily wounded.
The orc barely misses you.
You closely miss the orc.
The orc is heavily wounded.
The orc hits you but does no damage.
You closely miss the orc.
The orc is heavily wounded.
You block the orc's attack.
You barely miss the orc.
The orc is heavily wounded.
You block the orc's attack.
You hit the orc.
You kill the orc!
Things that are here:
a +0 whip; a +0 ring mail; an orc corpse Unknown command.
You start resting.
HP restored.
Done exploring.
Done exploring.
There is a staircase back to the Dungeon here.
You climb upwards.
Welcome back to the Dungeon!
There is a staircase to the Ecumenical Temple, spattered with blood here.
You pick up a book of Storms and begin reading...
You add the spells Static Discharge, Airstrike and Summon Lightning Spire to your library.
You see here a +0 cloak.
Found an escape hatch in the ceiling.
An iguana comes into view.
Found an opulent altar of Gozag.
An ogre comes into view. It is wielding a +0 giant spiked club.
The iguana moves out of view.
An ogre is nearby!
The ogre shouts!
You hear an angry hiss.
A sleepcap comes into view.
You block the iguana's attack.
You closely miss the iguana. The iguana completely misses you.
You hit the iguana.
The iguana is moderately wounded.
The iguana bites you but does no damage.
You hit the iguana.
The iguana is heavily wounded.
You block the iguana's attack.
An iguana comes into view.
You hit the iguana.
The iguana is heavily wounded.
The iguana bites you but does no damage.
You hit the iguana but do no damage.
The iguana is heavily wounded.
The iguana bites you.
You hit the iguana.
The iguana is severely wounded.
You block the iguana's attack.
You punch the iguana!
You kill the iguana!
The iguana hisses menacingly.
The ogre attacks as it pursues you!
The ogre hits you with a +0 giant spiked club.
The ogre attacks as it pursues you!
The ogre hits you with a +0 giant spiked club!
There is an escape hatch in the ceiling, spattered with blood here.
You hit the ogre.
The ogre is lightly wounded.
You barely miss the ogre.
The ogre is lightly wounded.
The ogre hits you with a +0 giant spiked club.
You hit the ogre but do no damage.
The ogre is lightly wounded.
The ogre hits you with a +0 giant spiked club!
* * * LOW HITPOINT WARNING * * *
You hit the ogre.
The ogre is moderately wounded.
You punch the ogre!
The ogre is severely wounded.
The ogre hits you with a +0 giant spiked club!
* * * LOW HITPOINT WARNING * * *
It was a potion of attraction.
You feel attractive to monsters. You block the ogre's attack.
It was a potion of curing.
You feel better.
You punch the ogre!
You kill the ogre!
Your Shapeshifting skill increases to level 5!
You hit the iguana.
The iguana is moderately wounded.
The iguana bites you.
* * * LOW HITPOINT WARNING * * *
You hit the iguana but do no damage.
The iguana is moderately wounded.
You block the iguana's attack.
You hit the iguana.
The iguana is heavily wounded.
The iguana bites you but does no damage.
You closely miss the iguana.
The iguana is heavily wounded.
The iguana bites you but does no damage.
You closely miss the iguana.
The iguana is heavily wounded.
The iguana bites you but does no damage.
You barely miss the iguana.
The iguana is heavily wounded.
The iguana bites you!
* * * LOW HITPOINT WARNING * * *
You punch the iguana!
The iguana is almost dead.
The iguana bites you but does no damage.
You barely miss the iguana.
The iguana is almost dead.
The iguana bites you!
You die...

#.##l#
#.......#
#.##.#
#.#######
#.##.# #.#
≈≈≈≈..≈≈§
###.####.##
§§≈§..≈≈≈
#.......#
≈≈§≈..≈≈≈
##.####.#
≈§§≈..≈≈≈
##.###.#
≈≈≈§..≈§≈
##l##.#
≈≈≈≈..≈≈≈
#.h##.#
≈≈≈#..#
#..##.#
.†..#
+......
.Y..#
+.#####
≈≈≈#..# #.
≈≈≈≈..≈≈≈
#.
≈≈≈≈..≈≈≈
#.
≈≈≈≈..§§≈
#.
≈§≈≈..≈≈≈


You could see an iguana.

Vanquished Creatures
  A crocodile (Sewer)
  An ogre (D:5)
  A killer bee (D:5)
  A howler monkey (D:3)
  A bombardier beetle (D:4)
  An orc priest (D:5)
  An iguana (D:5)
  An orc wizard (D:3)
  4 adders
  4 ribbon worms
  8 orcs
  5 ball pythons
  5 bats
  9 endoplasms
  3 giant cockroaches
  13 goblins
  9 hobgoblins
  3 jackals (Sewer)
  8 kobolds
  3 quokkas
  A frilled lizard (D:2)
  4 rats
87 creatures vanquished.

Notes
Turn   | Place    | Note
-------+----------+-------------------------------------------
     0 | D:1      | PixelatedCat the Demigod Shapeshifter began the quest for
                  | the Orb.
     0 | D:1      | Reached XP level 1. HP: 15/15 MP: 3/3
   196 | D:1      | Reached XP level 2. HP: 22/22 MP: 4/4
   914 | D:2      | Reached XP level 3. HP: 23/27 MP: 5/5
  1304 | D:3      | Reached XP level 4. HP: 14/34 MP: 6/6
  1769 | D:3      | Found a glowing drain.
  1783 | Sewer    | Entered a sewer
  1898 | Sewer    | Noticed a crocodile
  1911 | Sewer    | Killed a crocodile
  1912 | Sewer    | Reached XP level 5. HP: 39/39 MP: 7/7
  3075 | D:4      | Reached XP level 6. HP: 46/46 MP: 8/8
  3106 | D:5      | Entered Level 5 of the Dungeon
  3118 | D:5      | Reached skill level 5 in Unarmed Combat
  3157 | D:5      | Noticed a yak
  3169 | D:5      | Found a staircase to the Ecumenical Temple.
  3173 | Temple   | Entered the Ecumenical Temple
  3367 | D:5      | Reached skill level 5 in Shapeshifting
  3372 | D:5      | HP: 2/46 [iguana (10)]
  3374 | D:5      | Mangled by an iguana

Illustrated notes

Levels and vault maps discovered:
D:1:      saegor_arrival_simple_d, layout_loops_ring, columned_hall_lemuel
D:2:      layout_basic, hellmonk_ecumenical_altar_heavens_door
D:3:      layout_basic, cheibrodos_sewer_entry_bend
D:4:      layout_loops_ring, minmay_goblin_kobold_house
D:5:      kennysheep_big_flooded_room, layout_loops_cross,
          nicolae_overflow_hidden_temple, minitemple,
          mainiacjoe_overflow_six_doors_small, minmay_temple_entry_trees,
          uniq_pikel
Temple:   nicolae_temple_bog_church

Skill      XL: |  1  2  3  4  5  6 |
---------------+-------------------+-----
Unarmed Combat | 3 4 5 |  5.4
Shapeshifting  | 3 4 5 |  5.1
Fighting       | |  0.8
Dodging        | |  1.7

Action                     |  1- 3 |  4- 6 || total
---------------------------+-------+-------++-------
  Melee: Unarmed           |    96 |   202 ||   298
         Punch             |     2 |     2 ||     4
  Throw: Dart              |       |     5 ||     5
    Use: Potion            |       |     3 ||     3
         Scroll            |       |     3 ||     3
   Stab: Sleeping          |     3 |       ||     3
 Armour: Animal skin       |    27 |       ||    27
         Ring mail         |    18 |    20 ||    38
         Robe              |       |    49 ||    49
         Skin              |       |     6 ||     6
         Plate armour      |       |    57 ||    57
  Dodge: Dodged            |    44 |    69 ||   113
  Block: Kite shield       |       |    53 ||    53
